 Dungeon Crawl Stone Soup version bcrawl-1.27.6 (webtiles) character file.

Game seed: 14255768679323930055

264020 Faustar the Disciple (level 9, -4/62 HPs)
             Began as a Purple Draconian Conjurer on Sept 21, 2020.
             Was an Initiate of Sif Muna.
             Slain by a wyvern (20 damage)
             ... on level 7 of the Dungeon.
             The game lasted 00:19:49 (5864 turns).

Faustar the Disciple (Purple Draconian Conjurer)    Turns: 5864, Time: 00:19:49

Health: -4/62      AC:  8    Str: 11    XL:     9   Next: 4%
Magic:  1/16       EV: 12    Int: 19    God:    Sif Muna [......]
Gold:   509        SH:  0    Dex: 11    Spells: 10/17 levels left

rFire    . . .     SeeInvis +   b - +7 scythe (flame)
rCold    . . .     Gourm    .   (shield currently unavailable)
rNeg     . . .     Faith    +   (armour unavailable)
rPois    .         Spirit   .   n - +1 hat
rElec    .         Reflect  .   (no cloak)
rCorr    .         Harm     .   (no gloves)
MR       +....                  (no boots)
Stlth    ++++......             r - amulet of faith
HPRegen  0.20/turn              m - ring of stealth
MPRegen  0.15/turn              (no ring)

@: no status effects
A: breathe power, unfitting armour, see invisible, screaming 1, cold-blooded, AC
+7
a: Breathe Dispelling Energy, Divine Energy, Renounce Religion


You were on level 7 of the Dungeon.
You worshipped Sif Muna.
Sif Muna was noncommittal.
You were not hungry.

You visited 2 branches of the dungeon, and saw 8 of its levels.

You collected 509 gold pieces.

Inventory:

Hand Weapons
 b - a +7 scythe of flaming (weapon)
 d - a +2 dagger of protection
 p - a +2 dagger of electrocution
Armour
 n - a +1 hat (worn)
Jewellery
 m - a ring of stealth (left hand)
 r - an amulet of faith (around neck)
 y - a cursed ring of poison resistance
Wands
 i - a wand of disintegration (13)
 s - a wand of polymorph (11)
 w - a wand of scattershot (3)
 x - a wand of iceblast (15)
Scrolls
 c - 2 scrolls of blinking {unknown}
 g - 2 scrolls of enchant weapon {unknown}
 h - 3 scrolls of teleportation {unknown}
 j - 4 scrolls of remove curse {unknown}
 k - 3 scrolls of immolation {unknown}
 l - a scroll of amnesia {unknown}
 q - 3 scrolls of fog {unknown}
 u - 3 scrolls of enchant armour {unknown}
 v - 2 scrolls of identify
Potions
 a - 2 potions of mutation
 f - a potion of might
 o - a potion of magic
 t - a potion of resistance {unknown}
 z - a potion of curing
 A - a potion of haste {unknown}
Comestibles
 e - 21 rations {!d}


   Skills:
 - Level 1.7 Dodging
 - Level 2.0 Stealth
 - Level 4.9 Spellcasting
 - Level 7.8 Conjurations
 - Level 5.0 Hexes
 * Level 8.2 Invocations


You had 10 spell levels left.
You knew the following spells:

 Your Spells              Type           Power        Failure   Level  Hunger
a - Magic Dart            Conj           ####         1%          1    None
b - Searing Ray           Conj           ####....     1%          2    None
c - Fulminant Prism       Conj/Hex       ####......   9%          4    #####..

Your spell library contained the following spells:

 Spells                   Type           Power        Failure   Level  Hunger
 Iskenderun's Mystic Bla  Conj           ####....     1%          3    ###....
 Irradiate                Conj/Tmut      ###.......   56%         5    ######.


Dungeon Overview and Level Annotations

Branches:
Dungeon (7/12)             Temple (1/1) D:5
   Lair: D:7-9

Altars:
Ashenzari
Cheibriados
Dithmenos
Elyvilon
Fedhas
Gozag
Hepliaklqana
Kikubaaqudgha
Makhleb
Nemelex Xobeh
Okawaru
Qazlal
Ru
Sif Muna
Trog
Uskayaw
Yredelemnul
Zin
The Shining One

Shops:
D:4 (


Innate Abilities, Weirdness & Mutations

You can breathe bolts of dispelling energy.
Your rich purple scales are hard. (AC +7)
You cannot fit into any form of body armour.
You are cold-blooded and may be slowed by cold attacks.
You have supernaturally acute eyesight. (SInv)
You occasionally shout uncontrollably at your foes.


Message History

Aiming: Searing Ray (safe; 1% risk of failure)
Press: ? - help, Shift-Dir - straight line, f/p - wyvern
Aim: a wyvern (moderately wounded)
The searing ray hits the wyvern but does no damage.
The wyvern is moderately wounded. (Press . to maintain the ray.)
The searing ray hits the wyvern.
The wyvern is moderately wounded.
The searing ray hits the wyvern!
The wyvern is severely wounded.
The wyvern closely misses you. The wyvern bites you.
The searing ray misses the wyvern.
The wyvern bites you!
The searing ray misses the wyvern.
The wyvern closely misses you. The wyvern bites you!
* * * LOW HITPOINT WARNING * * *
The searing ray misses the wyvern.
The wyvern closely misses you.
Without enough magic to sustain it, your searing ray dissipates.
The wyvern bites you but does no damage.
The wyvern bites you!!
You die...

#........
#........
######........
#.............
#.............
##............
#.......#
#######.####l##
........#...@#
).. #....####
... #.#### ##..
#.# #.... #.#
..#..# ##.#
.#....###..#
..........##
......#..##


You could see a wyvern.

Vanquished Creatures
  Sigmund (D:5)
  A hungry ghost (D:6)
  Edmund (D:5)
  2 sky beasts
  A phantom (D:7)
  4 ogres (D:6)
  A bullfrog (D:4)
  A big kobold (D:3)
  A howler monkey (D:6)
  4 crimson imps
  2 bullfrog zombies (D:6)
  A hound (D:4)
  2 orc priests
  A bullfrog skeleton (D:7)
  2 iguanas
  4 orc wizards
  3 worker ants
  A hound zombie (D:6)
  A hound skeleton (D:6)
  2 worker ant zombies
  9 gnolls
  9 adders
  A shadow imp (D:7)
  2 oozes (D:1)
  2 worms (D:3)
  6 leopard geckos
  11 orcs
  2 giant cockroaches (D:1)
  5 goblins
  8 hobgoblins
  A jackal (D:3)
  4 kobolds
  3 quokkas
  2 ball pythons
  3 bats
  A frilled lizard (D:3)
  8 rats
113 creatures vanquished.

Vanquished Creatures (others)
  21 fulminant prisms
21 creatures vanquished.

Grand Total: 134 creatures vanquished

Notes
Turn   | Place    | Note
-------+----------+-------------------------------------------
     0 | D:1      | Faustar the Draconian Conjurer began the quest for the Orb.
     0 | D:1      | Reached XP level 1. HP: 14/14 MP: 3/3
   197 | D:1      | Reached XP level 2. HP: 20/20 MP: 0/5
  1068 | D:2      | Reached XP level 3. HP: 26/26 MP: 0/7
  1356 | D:2      | Found a glowing silver altar of Zin.
  1356 | D:2      | Found an opulent altar of Gozag.
  1527 | D:2      | Found a glowing golden altar of the Shining One.
  1563 | D:2      | Found a white marble altar of Elyvilon.
  1599 | D:2      | Found a shattered altar of Ashenzari.
  1641 | D:2      | Learned a level 2 spell: Searing Ray
  1667 | D:2      | Found a basalt altar of Yredelemnul.
  1805 | D:2      | Reached XP level 4. HP: 30/33 MP: 5/8
  2326 | D:3      | Reached skill level 5 in Conjurations
  2525 | D:3      | Reached XP level 5. HP: 31/38 MP: 1/10
  2663 | D:3      | Learned a level 4 spell: Fulminant Prism
  2956 | D:4      | Reached skill level 1 in Hexes
  2956 | D:4      | Reached XP level 6. HP: 45/45 MP: 7/12
  3045 | D:4      | Found Kaplug's Weapon Shoppe.
  3472 | D:4      | Gained mutation: You occasionally shout uncontrollably at
                  | your foes. [potion of mutation]
  3472 | D:4      | Gained mutation: You have supernaturally acute eyesight.
                  | (SInv) [potion of mutation]
  3656 | D:5      | Entered Level 5 of the Dungeon
  3664 | D:5      | Your scales start taking on a rich purple colour.
  3664 | D:5      | Reached XP level 7. HP: 43/50 MP: 14/14
  3725 | D:5      | Noticed Edmund
  3739 | D:5      | Killed Edmund
  3751 | D:5      | Noticed Sigmund
  3766 | D:5      | Killed Sigmund
  3953 | D:5      | Reached skill level 5 in Hexes
  4022 | D:5      | Found a staircase to the Ecumenical Temple.
  4040 | Temple   | Entered the Ecumenical Temple
  4219 | D:5      | Found a shimmering blue altar of Sif Muna.
  4306 | D:5      | Became a worshipper of Sif Muna the Loreminder
  4479 | D:5      | Reached skill level 1 in Invocations
  4480 | D:5      | Reached XP level 8. HP: 46/57 MP: 4/15
  4546 | D:5      | Found a blossoming altar of Fedhas.
  4546 | D:5      | Found a sacrificial altar of Ru.
  4676 | D:6      | Reached skill level 2 in Invocations
  4679 | D:6      | Reached skill level 3 in Invocations
  4812 | D:6      | Reached skill level 4 in Invocations
  5021 | D:6      | Reached skill level 5 in Invocations
  5215 | D:6      | Reached skill level 6 in Invocations
  5592 | D:7      | Found an iron altar of Okawaru.
  5608 | D:7      | Noticed a tengu warrior
  5676 | D:6      | Reached skill level 7 in Invocations
  5742 | D:7      | Reached skill level 8 in Invocations
  5753 | D:7      | Reached XP level 9. HP: 62/62 MP: 4/16
  5864 | D:7      | Slain by a wyvern

Skill      XL: |  1  2  3  4  5  6  7  8 |
---------------+-------------------------+-----
Spellcasting   | 3 4 |  4.9
Conjurations   | 5 6 7 |  7.8
Hexes          | 1 3 5 |  5.0
Invocations    | 1 8 |  8.2
Dodging        | |  1.7
Stealth        | |  2.0

Action                   |  1- 3 |  4- 6 |  7- 9 || total
-------------------------+-------+-------+-------++-------
Melee: Unarmed           |    35 |       |       ||    35
       Dagger            |    29 |    44 |     4 ||    77
       Tailslap          |     1 |     1 |     2 ||     4
       Scythe            |       |       |    43 ||    43
 Cast: Magic Dart        |    57 |    45 |    40 ||   142
       Searing Ray       |       |     9 |    12 ||    21
       Fulminant Prism   |       |     4 |    17 ||    21
 Abil: Breathe Dispellin |       |       |     1 ||     1
  Use: Scroll            |       |     1 |       ||     1
       Potion            |       |     3 |     3 ||     6
 Stab: Sleeping          |     1 |     4 |     2 ||     7
  Eat: Chunk             |     5 |    10 |    12 ||    27
       Ration            |       |       |     2 ||     2
Armor: Skin              |    12 |    24 |    46 ||    82
Dodge: Dodged            |    47 |    43 |    73 ||   163
